Map: Alcyone LE

Players

Lambo

  • Race: Zerg Zerg
  • Spawn Location: 1:00

Stats - Winner!

  • Race: Protoss Protoss
  • League: Master
  • Spawn Location: 7:00

Event: Bellum Gens Elite Stara Zagora 2024

VOD

Have the link to the VOD?

Description

Time

  • Played on: Sept. 7, 2024, 2:20 p.m.
  • Length: 13:36

All games in this series

Show
View Real Time Build Order
Export as new Build Order

Lambo Zerg 

Build Orders: Hatch First 

Get SALT Encoding   

  12  0:00  Drone  
  13  0:12  Overlord  
  13  0:17  Drone  
  14  0:31  Drone x2  
  16  0:48  Hatchery  
  15  0:52  Drone  
  15  0:56  Drone  
  17  0:59  Drone  
  18  1:10  Extractor  
  17  1:14  Spawning Pool  
  17  1:18  Drone  
  17  1:20  Drone  
  18  1:28  Drone  
  19  1:41  Drone  
  20  1:50  Drone  
  21  2:01  Queen, Zergling x2  
  22  2:02  Zergling x2  
  22  2:06  Queen  
  27  2:11  Metabolic Boost  
  27  2:16  Overlord  
  27  2:19  Drone  
  28  2:33  Hatchery  
  28  2:35  Drone  
  28  2:36  Drone  
  29  2:42  Queen  
  31  2:48  Overlord  
  31  2:49  Zergling x2  
  31  2:50  Zergling x2  
  33  2:54  Zergling x2  
  33  2:55  Drone  
  35  3:01  Zergling x2  
  35  3:15  Drone x4  
  35  3:16  Drone x4  
  43  3:26  Queen  
  43  3:32  Drone x2  
  44  3:40  Overlord  
  43  3:44  Queen, Extractor  
  43  3:47  Spore Crawler, Drone  
  44  3:49  Spore Crawler  
  44  3:50  Drone x2  
  44  3:52  Drone  
  44  3:53  Drone  
  47  3:57  Overlord  
  47  4:02  Drone x3  
  50  4:05  Drone x2  
  50  4:09  Spore Crawler  
  51  4:11  Queen  
  51  4:15  Overlord  
  51  4:16  Drone  
  54  4:17  Drone  
  54  4:20  Drone  
  54  4:21  Drone  
  54  4:22  Drone  
  58  4:25  Drone x2  
  58  4:27  Overlord  
  58  4:29  Zergling x2  
  58  4:32  Spore Crawler  
  58  4:33  Spore Crawler  
  58  4:37  Zergling x6  
  58  4:38  Zergling x4  
  63  4:43  Roach Warren  
  63  4:45  Drone, Evolution Chamber  
  62  4:49  Drone x2  
  62  4:51  Drone x2  
  66  4:53  Drone  
  67  5:00  Drone x5  
  67  5:04  Overlord  
  72  5:09  Drone x5  
  72  5:10  Drone  
  72  5:11  Drone  
  79  5:15  Lair  
  79  5:22  Hatchery  
  79  5:23  Drone  
  79  5:25  Drone x2  
  79  5:26  Drone  
  81  5:28  Extractor  
  81  5:30  Extractor  
  81  5:31  Extractor  
  81  5:34  Zergling x10  
  83  5:39  Zergling x12  
  89  5:44  Zergling x2  
  89  5:46  Overlord x2  
  90  5:51  Zerg Melee Weapons Level 1  
  90  5:52  Overlord  
  90  5:53  Overlord  
  90  5:54  Overlord  
  90  6:02  Overlord  
  90  6:05  Overlord  
  90  6:06  Zergling x2, Roach x3  
  97  6:12  Roach x4  
  97  6:16  Zergling x4  
  108  6:18  Zergling x2  
  108  6:21  Drone  
  108  6:23  Drone  
  108  6:24  Spire  
  108  6:28  Drone  
  108  6:31  Drone  
  110  6:35  Extractor  
  110  6:37  Drone x7  
  110  6:38  Glial Reconstitution  
  110  6:39  Drone  
  117  6:44  Extractor  
  117  6:45  Zergling x10  
  121  6:47  Drone  
  121  6:50  Drone x2  
  121  6:51  Spore Crawler  
  123  6:57  Roach  
  123  6:59  Zergling x4  
  127  7:05  Zergling x12  
  129  7:11  Zergling x6  
  129  7:13  Roach x2  
  129  7:15  Roach x3  
  130  7:19  Zergling x2  
  126  7:26  Zergling x10  
  131  7:33  Hatchery  
  131  7:36  Zerg Flyer Weapons Level 1  
  129  7:42  Overlord  
  129  7:49  Mutalisk x9  
  146  7:54  Mutalisk x2  
  150  7:59  Zergling x2  
  150  8:01  Overlord  
  150  8:04  Overlord  
  150  8:05  Mutalisk x3  
  151  8:11  Mutalisk x2  
  154  8:13  Zergling x12  
  154  8:15  Mutalisk  
  156  8:24  Drone x8  
  164  8:29  Mutalisk x2  
  164  8:31  Zergling x4  
  164  8:34  Extractor x2  
  167  8:35  Zergling x6  
  167  8:39  Zergling x2  
  137  8:48  Zergling x2  
  137  8:49  Zergling x12  
  137  8:55  Mutalisk x2  
  136  9:00  Mutalisk x4  
  148  9:11  Mutalisk x3  
  148  9:14  Zergling x12  
  148  9:15  Overseer  
  160  9:19  Mutalisk  
  160  9:21  Hatchery  
  160  9:22  Zergling x8  
  165  9:26  Mutalisk x2  
  166  9:33  Mutalisk x2  
  166  9:36  Zergling x14  
  157  9:44  Mutalisk x2  
  151  9:47  Zergling x18  
  151  9:49  Mutalisk  
  158  9:55  Drone x2  
  158  9:58  Mutalisk  
  158  9:59  Mutalisk x2  
  166  10:00  Drone x5  
  166  10:03  Drone  
  166  10:04  Zerg Melee Weapons Level 2  
  172  10:10  Zergling x2  
  172  10:11  Overlord  
  173  10:14  Overlord  
  173  10:15  Hydralisk Den, Overlord  
  173  10:18  Overlord  
  173  10:21  Overlord  
  172  10:26  Mutalisk  
  172  10:29  Overlord  
  172  10:30  Mutalisk x4  
  172  10:33  Mutalisk  
  172  10:35  Zergling x10  
  187  10:37  Drone x2  
  189  10:43  Grooved Spines, Baneling Nest  
  189  10:44  Mutalisk  
  189  10:47  Zergling x10  
  195  10:55  Mutalisk x2  
  168  11:13  Zergling x40  
  168  11:17  Mutalisk x3  
  188  11:22  Mutalisk x2  
  191  11:26  Drone x5  
  191  11:28  Mutalisk  
  198  11:34  Zergling x4  
  194  11:40  Zergling x20  
  189  11:50  Hydralisk x7  
  193  11:54  Hydralisk x2  
  193  11:58  Hydralisk x2  
  193  12:06  Hydralisk x5  
  193  12:08  Hydralisk  
  197  12:11  Centrifugal Hooks  
  187  12:16  Hydralisk x4  
  187  12:19  Hydralisk x2  
  192  12:23  Hydralisk x3  
  192  12:27  Zergling x6  
  188  12:30  Zergling x8  
  188  12:35  Hydralisk x2  
  183  12:39  Hydralisk x2  
  183  12:43  Hydralisk x2  
  187  12:45  Zergling x4  
  172  12:53  Hydralisk x4  
  170  12:59  Zergling x8  
  170  13:04  Hydralisk  
  170  13:05  Hydralisk x2  
  170  13:10  Hydralisk x3  
Show
View Real Time Build Order
Export as new Build Order

Stats Protoss - Winner!

Build Orders: 1 Gate Expand, Oracle Opening 

Get SALT Encoding   

  12  0:00  Probe  
  13  0:12  Probe  
  14  0:17  Pylon  
  14  0:24  Probe (Chrono Boost)  
  15  0:36  Probe (Chrono Boost)  
  15  0:37  Gateway  
  16  0:45  Probe (Chrono Boost)  
  16  0:46  Assimilator  
  17  0:51  Probe  
  18  1:03  Probe  
  19  1:15  Probe  
  20  1:23  Nexus  
  20  1:33  Cybernetics Core  
  20  1:36  Probe  
  21  1:41  Assimilator  
  21  1:48  Probe  
  21  1:50  Pylon  
  22  2:00  Probe  
  23  2:07  Adept (Chrono Boost)  
  23  2:12  Probe  
  23  2:14  Stargate  
  26  2:24  Warp Gate, Probe (Chrono Boost)  
  26  2:27  Adept (Chrono Boost)  
  27  2:35  Probe (Chrono Boost)  
  30  2:43  Probe (Chrono Boost)  
  32  2:45  Probe (Chrono Boost)  
  32  2:49  Adept  
  32  2:50  Probe (Chrono Boost)  
  35  2:52  Probe  
  36  3:01  Oracle (Chrono Boost), Probe  
  36  3:04  Probe  
  41  3:07  Pylon  
  41  3:14  Probe  
  41  3:16  Probe  
  41  3:17  Gateway  
  43  3:30  Oracle (Chrono Boost)  
  43  3:32  Adept, Probe x2  
  46  3:46  Nexus  
  46  3:50  Probe  
  46  3:51  Probe  
  48  4:03  Pylon, Probe x2  
  50  4:11  Twilight Council  
  50  4:12  Assimilator, Pylon  
  50  4:17  Probe x2  
  50  4:21  Adept  
  50  4:22  Adept  
  54  4:26  Assimilator  
  54  4:34  Probe x2  
  54  4:37  Blink (Chrono Boost)  
  56  4:38  Gateway  
  56  4:39  Gateway  
  56  4:46  Probe x2, Pylon  
  56  4:52  Stalker  
  60  4:54  Stalker  
  62  5:01  Probe x2 (Chrono Boost)  
  62  5:06  Probe (Chrono Boost)  
  65  5:11  Probe x2 (Chrono Boost)  
  68  5:14  Shield Battery, Probe (Chrono Boost)  
  68  5:17  Stalker x2  
  72  5:22  Probe x2 (Chrono Boost)  
  72  5:27  Probe (Chrono Boost)  
  75  5:29  Forge  
  75  5:34  Probe (Chrono Boost)  
  77  5:35  Pylon  
  77  5:40  Probe (Chrono Boost)  
  77  5:42  Probe x2 (Chrono Boost)  
  79  5:46  Probe (Chrono Boost)  
  79  5:48  Probe  
  79  5:49  Probe  
  81  5:52  Assimilator  
  81  5:53  Stalker x3, Templar Archives  
  81  5:55  Stalker  
  90  5:57  Assimilator  
  90  6:00  Protoss Ground Weapons Level 1 (Chrono Boost)  
  90  6:02  Pylon  
  90  6:09  Probe x3  
  90  6:10  Shield Battery  
  93  6:12  Pylon  
  93  6:17  Pylon  
  93  6:20  Pylon  
  93  6:22  Probe  
  94  6:27  Stalker x3  
  94  6:31  Stalker  
  102  6:34  Charge  
  102  6:35  Gateway  
  102  6:36  Gateway  
  102  6:41  Psionic Storm  
  102  6:49  Photon Cannon  
  102  6:50  Gateway  
  102  6:52  Gateway  
  102  7:00  Stalker x2  
  102  7:01  Stalker  
  94  7:23  High Templar x2  
  94  7:24  High Templar x2  
  94  7:28  Pylon  
  102  7:30  Pylon  
  102  7:32  Shield Battery, Photon Cannon  
  102  7:36  Stalker x2  
  106  7:45  Protoss Ground Weapons Level 2 (Chrono Boost)  
  106  7:50  Zealot x2  
  110  7:52  Pylon  
  110  7:54  Robotics Facility, Pylon  
  110  7:57  Pylon  
  110  8:02  Nexus  
  110  8:03  Pylon  
  109  8:13  Stalker x6  
  109  8:14  Stalker x2  
  117  8:20  Photon Cannon  
  117  8:22  Photon Cannon  
  117  8:28  Shield Battery x2  
  111  8:42  Stalker  
  111  8:43  Stalker x5  
  111  8:46  Archon  
  111  8:47  Archon  
  114  8:51  Stalker x2  
  116  9:00  Probe  
  116  9:01  Phoenix (Chrono Boost), Probe x2  
  119  9:09  Stalker x3  
  125  9:17  Photon Cannon  
  125  9:22  Phoenix (Chrono Boost)  
  127  9:24  High Templar  
  127  9:25  High Templar x3  
  127  9:27  Probe x3  
  127  9:28  Probe  
  125  9:38  Archon x2  
  125  9:39  Stalker x2  
  125  9:40  Stalker x2  
  127  9:48  Phoenix (Chrono Boost)  
  129  9:54  Shield Battery  
  129  9:56  Fleet Beacon  
  129  9:57  Shield Battery  
  129  9:58  Photon Cannon  
  129  10:00  Photon Cannon  
  129  10:06  Probe x4  
  133  10:09  Photon Cannon  
  133  10:11  Phoenix (Chrono Boost)  
  135  10:18  High Templar  
  135  10:19  High Templar  
  139  10:23  Zealot x5  
  139  10:26  Anion Pulse-Crystals  
  147  10:30  Phoenix (Chrono Boost)  
  147  10:34  Stargate  
  149  10:39  Assimilator, Photon Cannon  
  149  10:40  Assimilator  
  149  10:41  Pylon  
  149  10:49  Zealot x3  
  155  10:50  Zealot  
  155  10:54  Phoenix (Chrono Boost)  
  159  11:03  Archon  
  156  11:10  Zealot x7  
  158  11:12  Phoenix (Chrono Boost)  
  160  11:22  Photon Cannon  
  160  11:24  Shield Battery  
  160  11:27  Phoenix (Chrono Boost), Photon Cannon x2  
  162  11:34  Zealot, Phoenix (Chrono Boost)  
  157  11:47  Phoenix  
  157  11:52  Phoenix  
  159  11:58  Zealot x2, High Templar x4  
  159  11:59  Zealot x2  
  175  12:12  Phoenix  
  177  12:17  Phoenix  
  177  12:21  Immortal (Chrono Boost)  
  177  12:27  Robotics Facility  
  159  12:39  Zealot x7  
  159  12:40  Zealot  
  169  12:45  Phoenix x2  
  163  12:55  Archon x2  
  155  13:01  Zealot x8  
Tags
 
Add a new tag
Caveats
  • Supply blocks, unpowered buildings, or Contaminate may cause inaccurate times.
  • Supply counts are checked every 10 seconds.